 Dungeon Crawl Stone Soup version 0.20-a0-1058-g0491fde (webtiles) character file.

2922 MydosGodOfBeginnings the Basher (level 9, -5/63 HPs)
             Began as a Mummy Fighter on Apr 26, 2017.
             Was a Believer of Okawaru.
             Hit by a tomahawk thrown by an orc warrior (15 damage)
             ... on level 9 of the Dungeon.
             The game lasted 00:18:39 (5874 turns).

MydosGodOfBeginnings the Basher (Mummy Fighter)     Turns: 5874, Time: 00:18:40

Health: -5/63      AC: 13    Str: 22    XL:     9   Next: 50%
Magic:  8/9        EV: 12    Int:  8    God:    Okawaru [**....]
Gold:   433        SH:  9    Dex: 11    Spells: 8/8 levels left

rFire    x . .     SeeInvis .   f - +1 mace (protect)
rCold    + + .     Gourm    .   c - +0 shield
rNeg     + + +     Faith    .   s - +2 leather armour {rC+}
rPois    ∞         Spirit   .   (no helmet)
rElec    .         Reflect  .   g - +0 cloak
rCorr    .         Harm     .   (no gloves)
MR       +....                  (no boots)
Stlth    +.........             p - amulet of regeneration
Regen    0.6/turn               v - +4 ring of evasion
MPRegen  0.2/turn               (no ring)

@: protection aura
A: no food or potions, fire vulnerability, cold resistance 1, negative energy
resistance 3, torment resistance, unbreathing
a: Heroism, Renounce Religion


You were on level 9 of the Dungeon.
You worshipped Okawaru.
Okawaru was pleased with you.
You were not hungry.

You visited 1 branch of the dungeon, and saw 7 of its levels.

You collected 433 gold pieces.

Inventory:

Hand Weapons
 a - a +0 flail
 f - a +1 mace of protection (weapon)
 n - a +0 morningstar
Armour
 b - a +0 scale mail
 c - a +0 shield (worn)
 g - a +0 cloak (worn)
 s - a +2 leather armour of cold resistance (worn)
Jewellery
 p - an amulet of regeneration (around neck)
 v - a +4 ring of evasion (left hand)
Wands
 m - a wand of digging (9/24)
Scrolls
 d - 7 scrolls of identify {unknown}
 e - a scroll of enchant weapon {unknown}
 h - 2 scrolls of fear {unknown}
 i - 3 scrolls of immolation {unknown}
 j - 3 scrolls of magic mapping
 k - 3 scrolls of remove curse
 l - 3 scrolls of amnesia {unknown}
 r - 3 scrolls of teleportation {unknown}
 t - 3 scrolls of recharging {unknown}
 u - a scroll of vulnerability {unknown}
Books
 o - a book of Maledictions

   Spells                             Type                      Level
   a - Corona                         Hexes                        1
   b - Ensorcelled Hibernation        Hexes/Ice                    2
   c - Confuse                        Hexes                        3
   d - Tukima's Dance                 Hexes                        3
   e - Dazzling Spray                 Conjuration/Hexes            3
 q - the Collected Works on Boosting Feathers
   (You found it on level 4 of the Dungeon)

   Spells                             Type                      Level
   a - Infusion                       Charms                       1
   b - Song of Slaying                Charms                       2
   c - Shroud of Golubria             Charms/Translocation         2
   d - Mephitic Cloud                 Conjuration/Poison/Air       3
   e - Deflect Missiles               Charms/Air                   6
 w - a book of Callings

   Spells                             Type                      Level
   a - Summon Small Mammal            Summoning                    1
   b - Call Imp                       Summoning                    2
   c - Call Canine Familiar           Summoning                    3
   d - Summon Guardian Golem          Hexes/Summoning              3
   e - Summon Lightning Spire         Summoning/Air                4
   f - Summon Ice Beast               Ice/Summoning                4


   Skills:
 - Level 3.0 Fighting
 * Level 11.1 Maces & Flails
 - Level 2.4 Armour
 - Level 2.4 Shields
 + Level 0.3 Invocations


You had 8 spell levels left.
You didn't know any spells.

Dungeon Overview and Level Annotations

Branches:
Dungeon (6/15)             Temple (0/1) D:5            Lair (0/6) D:9

Altars:
Cheibriados
Hepliaklqana
Nemelex Xobeh
Okawaru
Qazlal
Uskayaw
Vehumet

Shops:
D:6 (


Innate Abilities, Weirdness & Mutations

You do not eat or drink.
Your flesh is vulnerable to fire.
You are immune to poison.
Your flesh is cold resistant. (rC+)
You are immune to negative energy. (rN+++)
You are immune to unholy pain and torment.
You can survive without breathing.


Message History

You hit the orc warrior but do no damage.
The orc warrior hits you with a mace of protection.
You hit the orc warrior but do no damage.
You barely miss the orc warrior. You block the orc warrior's attack.
You closely miss the orc warrior.
You hit the orc warrior but do no damage.
The orc warrior hits you with a mace of protection.
You hit the orc warrior but do no damage.
The orc warrior hits you but does no damage.
You closely miss the orc warrior.
You hit the orc warrior but do no damage.
You feel like a meek peon again.
The orc warrior hits you with a mace of protection!
You thump the orc warrior!
The orc warrior is heavily wounded.
The orc warrior hits you with a mace of protection!
* * * LOW HITPOINT WARNING * * *
You see here an arrow.
The orc warrior throws a tomahawk.
The tomahawk hits you!
You die...

>.....o...## ##$......###..
.o.PY......####.........##.#
#.......+.........+...
#..o.####.........##.#
##o.## ##.......### # #(##
##.....##
#.#########...#####
#.##.....!..!.....#
#.##@######...###.# #)##.#
#...# #.##(######.....
#.(o(....##.......
####.###.......### #.#
#...## #.# #..## #.. ###


You could see an orc warrior.

Vanquished Creatures
  5 yaks (D:9)
  Eustachio (D:4)
  3 wargs (D:9)
  A water moccasin (D:5)
  An orc warrior (D:5)
  A phantom (D:6)
  A necrophage (D:5)
  2 ogres
  2 centaurs
  A scorpion (D:5)
  3 crimson imps
  2 jellies
  3 hounds
  3 orc priests
  Crazy Yiuf (D:6)
  3 orc wizards
  An iguana (D:4)
  2 bullfrog skeletons
  Natasha (thrice) (D:2)
  7 worker ants
  A hound zombie (D:6)
  8 adders
  2 oozes
  An adder skeleton (D:4)
  A worm (D:2)
  A dart slug (D:2)
  4 leopard geckos
  15 orcs
  2 giant cockroaches (D:3)
  8 goblins
  6 hobgoblins
  16 jackals
  3 kobolds
  3 quokkas
  2 ball pythons
  5 bats
  4 frilled lizards
  A leopard gecko skeleton (D:4)
  A quokka skeleton (D:6)
  3 rats
133 creatures vanquished.

Vanquished Creatures (others)
  An orc wizard (D:4)
1 creature vanquished.

Grand Total: 134 creatures vanquished

Notes
Turn   | Place    | Note
-------+----------+-------------------------------------------
     0 | D:1      | MydosGodOfBeginnings the Mummy Fighter began the quest for the Orb.
     0 | D:1      | Reached XP level 1. HP: 18/18 MP: 1/1
   158 | D:1      | Reached skill level 2 in Maces & Flails
   423 | D:1      | Reached XP level 2. HP: 17/24 MP: 2/2
  1085 | D:2      | Noticed Natasha
  1091 | D:2      | Killed Natasha
  1091 | D:2      | Reached skill level 3 in Maces & Flails
  1091 | D:2      | Reached XP level 3. HP: 29/29 MP: 3/3
  1121 | D:2      | Noticed Natasha
  1132 | D:2      | Killed Natasha
  1132 | D:2      | Reached XP level 4. HP: 30/35 MP: 4/4
  1215 | D:2      | Found a hazy altar of Hepliaklqana.
  1438 | D:2      | Noticed Natasha
  1451 | D:2      | Killed Natasha
  1451 | D:2      | Reached skill level 4 in Maces & Flails
  1831 | D:2      | Found a stormy altar of Qazlal.
  1885 | D:3      | Reached XP level 5. HP: 41/41 MP: 5/5
  2614 | D:3      | Found a radiant altar of Vehumet.
  2618 | D:3      | Reached skill level 5 in Maces & Flails
  2661 | D:4      | Identified the Collected Works on Boosting Feathers
  2815 | D:4      | Reached XP level 6. HP: 43/47 MP: 6/6
  3155 | D:4      | Noticed Eustachio
  3183 | D:4      | Killed Eustachio
  3183 | D:4      | Reached skill level 6 in Maces & Flails
  3311 | D:4      | Reached XP level 7. HP: 49/52 MP: 7/7
  3564 | D:5      | Entered Level 5 of the Dungeon
  3732 | D:5      | Reached skill level 7 in Maces & Flails
  4018 | D:5      | Found an iron altar of Okawaru.
  4103 | D:5      | Became a worshipper of Warmaster Okawaru
  4228 | D:5      | Found a staircase to the Ecumenical Temple.
  4351 | D:5      | Reached XP level 8. HP: 42/58 MP: 8/8
  4392 | D:5      | Found a hide-covered altar of Uskayaw.
  4393 | D:5      | Found a snail-covered altar of Cheibriados.
  4421 | D:5      | Reached skill level 8 in Maces & Flails
  4517 | D:6      | Found a sparkling altar of Nemelex Xobeh.
  4613 | D:6      | Found Tetyaray's Antique Weapon Shoppe.
  4801 | D:6      | Found a runed door.
  5036 | D:5      | Reached * piety under Okawaru
  5036 | D:5      | Reached skill level 9 in Maces & Flails
  5443 | D:6      | Noticed Crazy Yiuf
  5448 | D:6      | Killed Crazy Yiuf
  5475 | D:6      | You fall through a shaft for 3 floors!
  5708 | D:9      | Reached skill level 10 in Maces & Flails
  5711 | D:9      | Reached XP level 9. HP: 63/63 MP: 9/9
  5721 | D:9      | Found a staircase to the Lair.
  5791 | D:9      | Reached ** piety under Okawaru
  5808 | D:9      | Reached skill level 11 in Maces & Flails
  5874 | D:9      | Hit by a tomahawk thrown by an orc warrior

Vault maps used:
D:1:      shiori_arrival_maze
D:2:      nicolae_overflow_hidden_temple, old_standard_altar, uniq_natasha
D:3:      lemuel_round_altar, kennysheep_cross_bottleneck
D:4:      minmay_curled_crystal, uniq_eustachio
D:5:      kennysheep_mini, gammafunk_temple_overflow_statue,
          minmay_temple_entry_nine_rooms, first_bread
D:6:      nemelex_xobeh_ov_fountains_minmay, serial_shops, nicolae_shop_trees,
          minivault_24, uniq_crazy_yiuf_cottage
D:9:      erik_lair_orcish_takeover, orc_0_dummy

Skill      XL: |  1  2  3  4  5  6  7  8  9 |
---------------+----------------------------+-----
Maces & Flails | 2 3 4 5 6 7 10 11 | 11.1
Fighting       | |  3.0
Armour         | |  2.4
Shields        | |  2.4
Invocations    | |  0.3

Action                   |  1- 3 |  4- 6 |  7- 9 || total
-------------------------+-------+-------+-------++-------
Melee: Flail             |    38 |       |       ||    38
       Mace              |    71 |   278 |   397 ||   746
Invok: Heroism           |       |       |     8 ||     8
  Use: Scroll            |       |     2 |     1 ||     3
 Stab: Sleeping          |       |       |     1 ||     1
Armor: Scale mail        |    68 |   151 |       ||   219
       Leather armour    |       |     8 |   114 ||   122
Dodge: Dodged            |    37 |   100 |   108 ||   245
Block: Shield            |    53 |   108 |   129 ||   290
